 Dungeon Crawl Stone Soup version 0.18.1-47-g9310371 (webtiles) character file.

885 spiff the Shooter (level 7, -1/50 HPs)
             Began as a High Elf Arcane Marksman on June 23, 2016.
             Was an Initiate of Fedhas.
             Slain by a killer bee (8 damage)
             ... on level 6 of the Dungeon.
             The game lasted 00:25:20 (7340 turns).

spiff the Shooter (High Elf Arcane Marksman)        Turns: 7340, Time: 00:25:21

Health: -1/50      AC:  2    Str: 10    XL:     7   Next: 76%
Magic:  9/9        EV: 13    Int: 16    God:    Fedhas [......]
Gold:   257        SH:  0    Dex: 18    Spells: 2 memorised, 5 levels left

rFire  . . .     SeeInvis .     a - +0 shortbow
rCold  . . .     Gourm    .     b - +0 robe
rNeg   . . .     Faith    .     (shield currently unavailable)
rPois  .         Spirit   .     (no helmet)
rElec  .         Dismiss  .     (no cloak)
rCorr  .         Reflect  .     (no gloves)
SustAt +         Harm     .     (no boots)
MR     .....                    (no amulet)
Stlth  ++........               (no ring)
                                w - ring of sustain attributes

@: lethally poisoned (-1 -> -35), not resistant to hostile enchantments,
unstealthy
A: no striking features
a: Renounce Religion


You were on level 6 of the Dungeon.
You worshipped Fedhas.
Fedhas was noncommittal.
You were hungry.

You visited 1 branch of the dungeon, and saw 8 of its levels.

You collected 257 gold pieces.

Inventory:

Hand Weapons
 a - a +0 shortbow (weapon)
 x - a +0 scimitar
 y - a +0 rapier
Armour
 b - a +0 robe (worn)
Jewellery
 w - a ring of sustain attributes (left hand)
Wands
 g - a wand of confusion (23/48)
Scrolls
 e - a scroll of noise
 h - a scroll of remove curse
 m - 3 scrolls of immolation
 q - 2 scrolls of recharging
 z - a scroll of identify
Potions
 j - 2 potions of magic
 k - a potion of brilliance
 l - 2 potions of lignification
 p - a potion of resistance
 r - a potion of might
 t - a potion of cancellation {unknown}
 u - a potion of agility {unknown}
Books
 c - a book of Debilitation

   Spells                             Type                      Level
   a - Corona                         Hexes                        1
   b - Slow                           Hexes                        2
   c - Gell's Gravitas                Hexes/Translocation          3
   d - Inner Flame                    Hexes/Fire                   3
   e - Cause Fear                     Hexes                        4
   f - Leda's Liquefaction            Hexes/Earth                  4
Comestibles
 f - 5 bread rations
 i - 2 beef jerkies
 n - 2 slices of pizza
 v - 4 meat rations


   Skills:
 - Level 5.1 Fighting
 + Level 3.4 Long Blades
 - Level 7.0 Bows
 - Level 2.1 Dodging
 - Level 1.2 Spellcasting
 - Level 5.1 Hexes


You had 5 spell levels left.
You knew the following spells:

 Your Spells              Type           Power        Failure   Level  Hunger
a - Corona                Hex            ###....      3%          1    ##.....
q - Slow                  Hex            ###.....     6%          2    ###....


Dungeon Overview and Level Annotations

Branches:
Dungeon (8/15)             Temple (0/1) D:7
   Lair: D:8-11

Altars:
Fedhas
Sif Muna
Trog
Xom
Yredelemnul
Zin

Annotations:
D:3 Sigmund
D:5 Dowan, Duvessa


Message History

The killer bee stings you.
* * * LOW HITPOINT WARNING * * *
You are more poisoned.
The killer bee poisons you! The killer bee closely misses you.
Firing (i - inventory):
d - 2 arrows (quivered)
Press: ? - help, Shift-Dir - straight line, f/p - killer bee
Aim: a killer bee (almost dead)
You shoot an arrow. The arrow misses the killer bee.
* * * LOW HITPOINT WARNING * * *
You feel very sick. The killer bee barely misses you. x2
Firing (i - inventory):
d - an arrow (quivered)
Press: ? - help, Shift-Dir - straight line, f/p - killer bee
Aim: a killer bee (severely wounded)
You shoot an arrow. The arrow barely misses the killer bee.
* * * LOW HITPOINT WARNING * * *
You feel very sick. The killer bee stings you!
You die...
Fedhas appreciates your contribution to the ecosystem.

#####
####.....
#(.......
#y.......
#@.......
#........
#.%......
#........
#........
#........
##.......
.......


You could see a killer bee.

Vanquished Creatures
  2 eyes of draining (D:5)
  A centaur (D:5)
  An ogre (D:5)
  Blork the orc (D:5)
  A crimson imp (D:4)
  4 hounds
  A giant frog skeleton (D:5)
  An iguana (D:4)
  An orc wizard (D:4)
  3 worker ants (D:4)
  5 gnolls
  4 adders
  A white imp (D:4)
  2 oozes
  A dart slug (D:2)
  5 giant geckos
  6 orcs
  3 giant cockroaches
  5 goblins
  3 hobgoblins
  7 jackals
  3 quokkas
  13 bats
  4 giant newts
  11 kobolds
  6 rats
95 creatures vanquished.

Vanquished Creatures (others)
  9 toadstools
9 creatures vanquished.

Grand Total: 104 creatures vanquished

Notes
Turn   | Place    | Note
--------------------------------------------------------------
     0 | D:1      | spiff the High Elf Arcane Marksman began the quest for the Orb.
     0 | D:1      | Reached XP level 1. HP: 13/13 MP: 3/3
    32 | D:1      | Reached skill level 3 in Bows
   162 | D:1      | Reached skill level 4 in Bows
   162 | D:1      | Reached XP level 2. HP: 9/18 MP: 4/4
   498 | D:1      | Reached XP level 3. HP: 22/23 MP: 5/5
   984 | D:1      | Reached skill level 5 in Bows
  2309 | D:2      | Reached XP level 4. HP: 29/29 MP: 6/6
  2577 | D:2      | Reached XP level 5. HP: 9/34 MP: 7/7
  2793 | D:2      | Learned a level 2 spell: Slow
  2962 | D:3      | Found a shimmering altar of Xom.
  2985 | D:3      | Found a deep blue altar of Sif Muna.
  3315 | D:3      | Noticed Sigmund
  3835 | D:3      | Found a basalt altar of Yredelemnul.
  4167 | D:3      | Found a blossoming altar of Fedhas.
  4175 | D:3      | Became a worshipper of Fedhas Madash
  4341 | D:4      | Reached skill level 5 in Hexes
  4778 | D:4      | Reached XP level 6. HP: 39/39 MP: 6/8
  4913 | D:4      | Reached skill level 6 in Bows
  5265 | D:4      | Reached skill level 7 in Bows
  5304 | D:4      | Found a glowing silver altar of Zin.
  6016 | D:5      | Entered Level 5 of the Dungeon
  6231 | D:5      | Noticed Blork the orc
  6262 | D:5      | Killed Blork the orc
  6262 | D:5      | Reached XP level 7. HP: 22/47 MP: 6/9
  6782 | D:5      | Reached skill level 5 in Fighting
  6791 | D:5      | Found a bloodstained altar of Trog.
  6959 | D:5      | Noticed Dowan
  6960 | D:5      | Noticed Duvessa
  7308 | D:5      | You fall through a shaft for 3 floors!
  7340 | D:6      | Slain by a killer bee

Skill      XL: |  1  2  3  4  5  6  7 |
---------------+----------------------+-----
Bows           | 4 5 7 |  7.0
Fighting       | 2 3 5 |  5.1
Hexes          | 4 5 |  5.1
Long Blades    | 3 |  3.4
Dodging        | |  2.1
Spellcasting   | |  1.2

Action                   |  1- 3 |  4- 6 |  7- 9 || total
-------------------------+-------+-------+-------++-------
Melee: Short sword       |    68 |       |       ||    68
       Whip              |    29 |    99 |       ||   128
       Scimitar          |       |     4 |    33 ||    37
 Fire: Shortbow          |    36 |   174 |    42 ||   252
 Cast: Corona            |    21 |    29 |       ||    50
       Slow              |       |    13 |     3 ||    16
  Use: Scroll            |     5 |     5 |     2 ||    12
       Potion            |       |       |     4 ||     4
 Stab: Sleeping          |     2 |     1 |       ||     3
  Eat: Chunk             |     5 |    11 |     2 ||    18
       Bread ration      |       |     1 |       ||     1
Armor: Robe              |    35 |    37 |     2 ||    74
Dodge: Dodged            |    79 |   152 |    32 ||   263
